 Dungeon Crawl Stone Soup version 0.26-b1-32-g5d43845318 (webtiles) character file.

Game seed: 16674451017260588948

186 Inarius the Chopper (level 5, -5/46 HPs)
             Began as a Hill Orc Fighter on Jan 10, 2021.
             Slain by a gnoll
             ... wielding a +0 spear
              (8 damage)
             ... on level 3 of the Dungeon.
             The game lasted 00:02:52 (2465 turns).

Inarius the Chopper (Hill Orc Fighter)              Turns: 2465, Time: 00:02:52

Health: -5/46      AC:  8    Str: 20    XL:     5   Next: 66%
Magic:  5/5        EV:  7    Int:  8    God:
Gold:   161        SH:  9    Dex: 10    Spells: 4/4 levels left

rFire    . . .     SeeInvis .   a - +0 war axe
rCold    . . .     Faith    .   c - +0 kite shield
rNeg     . . .     Spirit   .   b - +0 scale mail
rPois    .         Reflect  .   (no helmet)
rElec    .         Harm     .   (no cloak)
rCorr    .         Rampage  .   e - +0 pair of gloves
Will     .....     Rnd*Tele +   (no boots)
Stlth    ..........             (no amulet)
HPRegen  0.15/turn              h - ring of teleportation (curse)
MPRegen  0.09/turn              (no ring)

@: very slow
A: no striking features
a: no special abilities


You were on level 3 of the Dungeon.
You visited 1 branch of the dungeon, and saw 3 of its levels.

You collected 161 gold pieces.

Inventory:

Hand Weapons
 a - a +0 war axe (weapon)
 m - a +2 morningstar of draining
Armour
 b - a +0 scale mail (worn)
 c - a +0 kite shield (worn)
 e - a +0 pair of gloves (worn)
Jewellery
 h - a cursed ring of teleportation (left hand)
Scrolls
 g - 4 scrolls of teleportation {unknown}
 j - a scroll of random uselessness {unknown}
 k - 5 scrolls of identify {unknown}
 l - a scroll of magic mapping {unknown}
 n - a scroll of remove curse {unknown}
 o - a scroll of fog {unknown}
 q - a scroll of amnesia {unknown}
Potions
 d - a potion of might
 f - 2 potions of heal wounds {unknown}
 p - a potion of attraction {unknown}
 r - 2 potions of flight {unknown}


   Skills:
 + Level 4.2 Fighting
 * Level 5.8 Axes
 + Level 4.1 Armour
 + Level 4.0 Shields


You had 4 spell levels left.
You didn't know any spells.
Your spell library was empty.

Dungeon Overview and Level Annotations

Branches:
Dungeon (3/15)

Altars:
Wu Jian


Message History

Moving in this stuff is going to be slow.
The gnoll hits you with a +0 spear.
* * * LOW HITPOINT WARNING * * *
The gnoll splashes around in the water.
The gnoll hits you but does no damage. You block the gnoll's attack.
Your unstable footing causes you to fumble your attack.
You block the gnoll's attack. The gnoll barely misses you.
You block the gnoll's attack.
The jackal stops to sniff the water.
The gnoll hits you from afar with a +0 spear!
* * * LOW HITPOINT WARNING * * *
Unknown command.
You hit the gnoll.
You kill the gnoll!
You hear a splash.
You slash the gnoll! You block the gnoll's attack.
The gnoll hits you from afar with a +0 halberd.
* * * LOW HITPOINT WARNING * * *
The gnoll hits you from afar with a +0 spear!
You die...

#...###...........# # ..###
#.#........## ####
.######.#........## ..###
.##...............#####...######
..................()(..........)
####.....P...........(....$.....
## #....≈≈≈≈≈≈≈≈≈≈≈≈≈≈≈≈≈≈≈....≈
.# #....≈≈≈≈≈h≈≈≈)≈≈≈≈≈≈≈g≈....≈
.# #....≈≈#####)@≈g≈≈≈≈≈≈≈≈....≈
.# #....≈≈#..g#..gg?....$.......
.###....≈≈#. .#############''''#
...#...P≈≈# ....# .### ....' .#
.# .# ##


You could see 3 gnolls and a jackal.

Vanquished Creatures
  8 gnolls
  3 adders
  An ooze (D:1)
  5 worms
  2 dart slugs (D:1)
  3 leopard geckos
  2 orcs (D:3)
  3 ball pythons
  6 bats (D:2)
  6 hobgoblins
  6 jackals
  9 frilled lizards
  6 goblins
  8 kobolds
  6 rats
74 creatures vanquished.

Notes
Turn   | Place    | Note
-------+----------+-------------------------------------------
     0 | D:1      | Inarius the Hill Orc Fighter began the quest for the Orb.
     0 | D:1      | Reached XP level 1. HP: 19/19 MP: 1/1
    44 | D:1      | Reached skill level 3 in Axes
    44 | D:1      | Reached XP level 2. HP: 12/27 MP: 2/2
   467 | D:1      | Reached XP level 3. HP: 33/33 MP: 3/3
   804 | D:2      | Found an ornate altar of the Wu Jian Council.
   812 | D:2      | Reached skill level 4 in Axes
   985 | D:2      | Reached XP level 4. HP: 40/40 MP: 4/4
  1553 | D:3      | Reached skill level 5 in Axes
  1770 | D:3      | Reached XP level 5. HP: 40/46 MP: 5/5
  2465 | D:3      | Slain by a gnoll

Illustrated notes

Levels and vault maps discovered:
D:1:      saegor_arrival_simple_d, layout_rooms
D:2:      minmay_general_purpose_star, layout_basic, overflow_temple_1_default,
          minmay_circled_x
D:3:      lemuel_castle_with_subvaults [lemuel_castle_interior_original],
          layout_rooms, zin_treasury, serial_rivers,
          chequers_serial_rivers_micro_e, chequers_serial_rivers_small_b,
          chequers_serial_rivers_large_a, chequers_serial_rivers_micro_c

Skill      XL: |  1  2  3  4  5 |
---------------+----------------+-----
Axes           | 3 4 5 |  5.8
Fighting       | 4 |  4.2
Armour         | 4 |  4.1
Shields        | 4 |  4.0

Action                   |  1- 3 |  4- 6 || total
-------------------------+-------+-------++-------
Melee: War axe           |    86 |   116 ||   202
Throw: Javelin           |       |     7 ||     7
Armor: Scale mail        |    35 |    55 ||    90
Dodge: Dodged            |    34 |    46 ||    80
Block: Kite shield       |    40 |    77 ||   117
